 Dungeon Crawl Stone Soup version bcrawl-1.12.1 (webtiles) character file.

Game seed: 6772059552149644967

248 Groucho the Covert (level 5, -5/36 HPs)
             Began as a Spriggan Rogue on July 14, 2019.
             Slain by a centaur (6 damage)
             ... on level 3 of the Dungeon.
             The game lasted 00:10:07 (4361 turns).

Groucho the Covert (Spriggan Rogue)                 Turns: 4361, Time: 00:10:07

Health: -5/36      AC: 22    Str:  8    XL:     5   Next: 86%
Magic:  8/8        EV:  4    Int: 12    God:
Gold:   180        SH:  0    Dex: 18    Spells: 4/4 levels left

rFire    . . .     SeeInvis +   a - +2 dagger
rCold    . . .     Gourm    .   (shield restricted)
rNeg     + + +     Faith    .   (armour currently unavailable)
rPois    +         Spirit   .   (helmet currently unavailable)
rElec    .         Reflect  .   (cloak currently unavailable)
rCorr    .         Harm     .   (gloves unavailable)
MR       .....     NoTele   +   (boots unavailable)
Stlth    +++++.....             (no amulet)
HPRegen  0.12/turn              (no ring)
MPRegen  0.11/turn              (no ring)

@: tree-form (expiring)
A: very small, unfitting armour, see invisible, herbivore, slow metabolism 2
a: no special abilities


You were on level 3 of the Dungeon.
You were not hungry.
You were a tree.
You visited 1 branch of the dungeon, and saw 3 of its levels.

You collected 180 gold pieces.

Inventory:

Hand Weapons
 a - a +2 dagger (weapon)
 b - a +0 blowgun
 n - a +0 short sword of flaming
Missiles
 e - 32 poisoned needles
 q - 42 needles of frenzy
Armour
 c - a +0 robe (melded)
 d - a +0 cloak (melded)
Jewellery
 m - a +3 ring of dexterity {unknown}
Wands
 f - a wand of flame (15)
 g - a wand of enslavement (15)
 o - a wand of random effects (11)
Scrolls
 i - 2 scrolls of identify {unknown}
 j - 2 scrolls of remove curse {unknown}
 l - a scroll of blinking {unknown}
 p - 2 scrolls of teleportation {unknown}
 r - a scroll of fear {unknown}
Potions
 k - a potion of lignification
Comestibles
 h - 6 rations {!d}


   Skills:
 + Level 3.2 Short Blades
 - Level 2.0 Throwing
 + Level 2.3 Dodging
 + Level 10.4 Stealth
 - Level 2.6 Evocations


You had 4 spell levels left.
You didn't know any spells.
Your spell library was empty.

Dungeon Overview and Level Annotations

Branches:
Dungeon (3/12)

Altars:
Elyvilon
Trog
Vehumet

Annotations:
D:2 Robin


Innate Abilities, Weirdness & Mutations

You are very small and have problems with some larger weapons.
You are too small for most types of armour.
You have supernaturally acute eyesight. (SInv)
You are a herbivore.
((You cover ground extremely quickly.))
You need to consume almost no food.


Message History

You closely miss the centaur.
The centaur is severely wounded.
The centaur hits you.
* * * LOW HITPOINT WARNING * * *
The centaur hits you but does no damage.
You closely miss the centaur.
The centaur is severely wounded.
The centaur hits you but does no damage.
You hit the centaur but do no damage.
The centaur is severely wounded.
The centaur hits you.
* * * LOW HITPOINT WARNING * * *
You hit the centaur.
The centaur is almost dead.
Your transformation is almost over.
The centaur hits you but does no damage.
It was a potion of magic.
Magic courses through your body.
The centaur hits you but does no damage.
The centaur hits you.
You die...

#.#.####......†..)....#
.........#####.#####..#
..#.###..# #.†......#
#.#.# #..# ######...#
..#.# #..# ##...##
....#
#..########.......
....#
#.................
...##
##.########....... ..##
#........♣c$...# ###
############...# ##


You could see a centaur.

Vanquished Creatures
  An ogre (D:3)
  Terence (D:2)
  An orc wizard (D:3)
  2 worms (D:2)
  5 dart slugs (D:1)
  3 leopard geckos (D:3)
  9 orcs (D:3)
  4 giant cockroaches
  16 goblins
  9 hobgoblins
  2 jackals (D:2)
  3 quokkas
  9 bats
  4 frilled lizards
  14 kobolds
  3 rats
86 creatures vanquished.

Notes
Turn   | Place    | Note
-------+----------+-------------------------------------------
     0 | D:1      | Groucho the Spriggan Rogue began the quest for the Orb.
     0 | D:1      | Reached XP level 1. HP: 9/9 MP: 3/3
    65 | D:1      | Reached skill level 7 in Stealth
    74 | D:1      | Reached XP level 2. HP: 10/13 MP: 5/5
  1267 | D:1      | Reached skill level 8 in Stealth
  1267 | D:1      | Reached XP level 3. HP: 16/16 MP: 6/6
  1526 | D:2      | Found a white marble altar of Elyvilon.
  1526 | D:2      | Noticed Terence
  1540 | D:2      | Killed Terence
  1540 | D:2      | Reached skill level 9 in Stealth
  1540 | D:2      | Reached XP level 4. HP: 17/21 MP: 7/7
  1864 | D:2      | Found a bloodstained altar of Trog.
  1867 | D:2      | Noticed Robin
  2847 | D:2      | Found a radiant altar of Vehumet.
  3458 | D:3      | Reached skill level 10 in Stealth
  3458 | D:3      | Reached XP level 5. HP: 20/24 MP: 8/8
  4026 | D:3      | Noticed an ogre
  4069 | D:3      | Killed an ogre
  4287 | D:3      | Noticed a centaur
  4359 | D:3      | HP: 1/36 [centaur (1)]
  4361 | D:3      | Slain by a centaur

Skill      XL: |  1  2  3  4  5 |
---------------+----------------+-----
Stealth        | 7 8 9 10 | 10.4
Short Blades   | 3 |  3.2
Dodging        | 2 |  2.3
Throwing       | |  2.0
Evocations     | |  2.6

Action                   |  1- 3 |  4- 6 || total
-------------------------+-------+-------++-------
Melee: Dagger            |    89 |   261 ||   350
 Fire: Blowgun           |     1 |    47 ||    48
  Use: Potion            |       |     4 ||     4
 Stab: Sleeping          |    12 |     6 ||    18
       Distracted        |     1 |       ||     1
  Eat: Ration            |       |     1 ||     1
Armor: Robe              |    19 |    29 ||    48
       Skin              |       |    28 ||    28
Dodge: Dodged            |    49 |   147 ||   196
